[Event "ICC tourney 2180 (40 10)"]
[Site "Internet Chess Club"]
[Date "2020.12.06"]
[Round "2"]
[White "shawnchicken"]
[Black "jsustarsic"]
[Result "1/2-1/2"]
[ICCResult "Black stalemated"]
[WhiteElo "1230"]
[BlackElo "1151"]
[Opening "Nimzo-Indian: classical, Noa variation"]
[ECO "E34"]
[NIC "NI.23"]
[Time "13:16:37"]
[PlyCount "153"]
[TimeControl "2400+10"]


1. d4 Nf6 2. c4 e6 3. Nc3 Bb4 4. Qc2 d5 5. Bg5 O-O 6. Nf3 h6 7. Bh4 b6 8.
e3 Ba6 9. a3 Bxc3+ 10. Qxc3 Ne4 11. Bxd8 Nxc3 12. Bxc7 Ne4 13. Nd2 Nxd2 14.
Kxd2 Bxc4 15. Bxc4 dxc4 16. Rac1 b5 17. a4 Rc8 18. Bxb8 Raxb8 19. axb5 Rxb5
20. Rc2 Rcb8 21. Rxc4 Rxb2+ 22. Rc2 Kf8 23. Ra1 Rxc2+ 24. Kxc2 Rb7 25. Kc3
Ke7 26. Ra6 Kf6 27. d5 Ke5 28. dxe6 fxe6 29. Kd3 g5 30. g3 Rb3+ 31. Kc2 Rb7
32. f4+ gxf4 33. gxf4+ Kf5 34. Ra5+ Ke4 35. Re5+ Kf3 36. Rxe6 a5 37. f5 Ra7
38. Kb3 Kg4 39. f6 Rf7 40. Ka4 Kg5 41. Kxa5 Rxf6 42. Rxf6 Kxf6 43. Kb4 Ke5
44. Kc3 Ke4 45. Kd2 h5 46. Ke2 h4 47. h3 Ke5 48. Kf3 Kf5 49. e4+ Ke5 50.
Ke3 Ke6 51. Kf4 Kf6 52. e5+ Ke6 53. Ke4 Ke7 54. Kd5 Kd7 55. e6+ Ke7 56. Ke5
Ke8 57. Kf5 Ke7 58. Ke5 Ke8 59. Kf4 Ke7 60. Kf5 Ke8 61. Kg5 Ke7 62. Kxh4
Kxe6 63. Kg5 Kf7 64. Kh6 Kg8 65. Kg6 Kh8 66. h4 Kg8 67. h5 Kh8 68. h6 Kg8
69. Kg5 Kh8 70. Kh5 Kh7 71. Kg5 Kg8 72. Kg6 Kh8 73. Kg5 Kh7 74. Kh5 Kh8 75.
Kg6 Kg8 76. h7+ Kh8 77. Kh6 { Black stalemated } 1/2-1/2

[Event "ICC tourney 2180 (40 10)"]
[Site "Internet Chess Club"]
[Date "2020.12.06"]
[Round "2"]
[White "ztraynor"]
[Black "Andre2011"]
[Result "1-0"]
[ICCResult "Black checkmated"]
[WhiteElo "1178"]
[BlackElo "788"]
[Opening "Réti accepted"]
[ECO "A09"]
[NIC "RE.18"]
[Time "13:16:38"]
[PlyCount "129"]
[TimeControl "2400+10"]


1. Nf3 d5 2. c4 dxc4 3. Na3 Nc6 4. Nxc4 Nf6 5. d3 e5 6. Ncxe5 Nxe5 7. Nxe5
Bb4+ 8. Bd2 Bxd2+ 9. Qxd2 O-O 10. g3 Qd5 11. Nf3 Bg4 12. Bg2 Rfe8 13. O-O
Qd8 14. Rfe1 Bxf3 15. Bxf3 Re6 16. Bxb7 Rb8 17. Bg2 Ng4 18. Bh3 Rg6 19.
Bxg4 Rxg4 20. h3 Rg6 21. b3 Qh4 22. Kh2 Qf6 23. Qf4 Qxf4 24. gxf4 Rc6 25.
Rac1 Rxc1 26. Rxc1 Rb7 27. Kg3 h6 28. e4 Rb4 29. Rxc7 f6 30. Rxa7 Rb8 31.
Kf3 Rc8 32. f5 Rc3 33. Ke3 Rc1 34. b4 Re1+ 35. Kf4 Rh1 36. b5 g5+ 37. fxg6
Rxh3 38. f3 Rh4+ 39. Kg3 Rh5 40. b6 Rg5+ 41. Kf4 Rb5 42. b7 Kf8 43. Ra8+
Ke7 44. b8=Q Rxb8 45. Rxb8 h5 46. g7 h4 47. g8=Q h3 48. Qe8+ Kd6 49. e5+
fxe5+ 50. Qxe5+ Kd7 51. Rb6 h2 52. Qg7+ Kc8 53. Qh8+ Kc7 54. Qxh2 Kxb6 55.
Qb2+ Kc5 56. d4+ Kc4 57. Qd2 Kd5 58. a4 Kc6 59. a5 Kb7 60. d5 Ka7 61. d6
Ka6 62. Qd5 Ka7 63. d7 Ka6 64. d8=Q Ka7 65. Qb6# { Black checkmated } 1-0

[Event "ICC tourney 2180 (40 10)"]
[Site "Internet Chess Club"]
[Date "2020.12.06"]
[Round "2"]
[White "wojowhiskey"]
[Black "Anushkaa"]
[Result "0-1"]
[ICCResult "White checkmated"]
[WhiteElo "1335"]
[BlackElo "1272"]
[Opening "Evans gambit declined"]
[ECO "C51"]
[NIC "IG.05"]
[Time "13:16:44"]
[PlyCount "80"]
[TimeControl "2400+10"]


1. e4 e5 2. Nf3 Nc6 3. Bc4 Bc5 4. b4 Bb6 5. c3 Nf6 6. O-O O-O 7. Re1 d6 8.
a4 a6 9. a5 Ba7 10. Qb3 h6 11. d3 Qe7 12. Nh4 Kh7 13. Nd2 Ng4 14. Ndf3
Bxf2+ 15. Kf1 Bxe1 16. Kxe1 Bd7 17. Ke2 Rae8 18. b5 axb5 19. Qxb5 Nd4+ 20.
cxd4 Bxb5 21. Bxb5 c6 22. Bc4 g6 23. a6 Ra8 24. a7 b5 25. Bb3 exd4 26. Bb2
c5 27. Bd5 Rxa7 28. Rh1 Ne3 29. h3 Nxd5 30. g4 Nf4+ 31. Kd2 Ra2 32. Kc2 Qa7
33. e5 Qa4+ 34. Kb1 Qb3 35. Rh2 Nxd3 36. exd6 Nb4 37. d7 Qd1+ 38. Bc1 Rxh2
39. Ne5 Qc2+ 40. Ka1 Qxc1# { White checkmated } 0-1

[Event "ICC tourney 2180 (40 10)"]
[Site "Internet Chess Club"]
[Date "2020.12.06"]
[Round "2"]
[White "adma2028"]
[Black "auggie29"]
[Result "1-0"]
[ICCResult "Black checkmated"]
[WhiteElo "1420"]
[BlackElo "1095"]
[Opening "Queen's pawn: London system"]
[ECO "A45"]
[NIC "QP.07"]
[Time "13:16:31"]
[PlyCount "179"]
[TimeControl "2400+10"]


1. d4 Nf6 2. Bf4 e6 3. e3 c5 4. c3 Qb6 5. Qb3 Qxb3 6. axb3 d6 7. dxc5 dxc5
8. Bxb8 Rxb8 9. Rxa7 Be7 10. Bb5+ Bd7 11. Bxd7+ Nxd7 12. Nf3 O-O 13. Nbd2
Ra8 14. Rxa8 Rxa8 15. O-O h6 16. Ne4 Ra2 17. Rb1 b6 18. Ned2 Bf6 19. Nc4 b5
20. Nd6 b4 21. Ne4 bxc3 22. Nxf6+ Nxf6 23. bxc3 Nd5 24. c4 Nc3 25. Re1 Rb2
26. h3 Rxb3 27. Ne5 Rb4 28. Kh2 Ne4 29. f3 Nd6 30. Rc1 f6 31. Nd3 Rxc4 32.
Rxc4 Nxc4 33. Nxc5 Nxe3 34. Nxe6 Kf7 35. Nf4 g5 36. Nd3 f5 37. Kg3 f4+ 38.
Kf2 Kf6 39. Nb2 h5 40. Nd3 h4 41. Nc5 Kf5 42. Ne4 Nd5 43. Nd6+ Ke6 44. Ne4
Kf5 45. Ke2 Ne3 46. Kf2 Nd1+ 47. Kg1 Ne3 48. Nf2 Kg6 49. Ng4 Nf5 50. Kf2
Ng3 51. Ke1 Kf5 52. Kd2 Ke6 53. Kd3 Kd5 54. Kc3 Nf5 55. Nf6+ Ke5 56. Ne4
Ne3 57. Nxg5 Nxg2 58. Kd3 Kf5 59. Ne4 Ne1+ 60. Ke2 Ng2 61. Nd6+ Ke5 62.
Nc4+ Kf5 63. Kf2 Ne3 64. Nxe3+ fxe3+ 65. Kxe3 Ke5 66. f4+ Kf5 67. Kf3 Kf6
68. Kg4 Kg6 69. Kxh4 Kf5 70. Kg3 Kg6 71. Kg4 Kh6 72. f5 Kg7 73. Kg5 Kf7 74.
f6 Kg8 75. Kg6 Kh8 76. h4 Kg8 77. f7+ Kf8 78. h5 Ke7 79. Kg7 Ke6 80. f8=Q
Ke5 81. Qf6+ Ke4 82. Kg6 Ke3 83. Qf5 Kd2 84. Qf3 Kc1 85. Qe2 Kb1 86. Qd2
Ka1 87. h6 Kb1 88. h7 Ka1 89. h8=B+ Kb1 90. Qb2# { Black checkmated } 1-0

[Event "ICC tourney 2180 (40 10)"]
[Site "Internet Chess Club"]
[Date "2020.12.06"]
[Round "2"]
[White "chessfidebullet"]
[Black "Alex2009"]
[Result "1-0"]
[ICCResult "Black checkmated"]
[WhiteElo "1289"]
[BlackElo "856"]
[Opening "King's pawn game"]
[ECO "C50"]
[NIC "IG.03"]
[Time "13:16:42"]
[PlyCount "83"]
[TimeControl "2400+10"]


1. e4 e5 2. Nf3 Nc6 3. Bc4 f6 4. Bd5 Bc5 5. c3 Nge7 6. b4 Bb6 7. Bb2 Nxd5
8. exd5 Ne7 9. c4 c5 10. d6 Nf5 11. d4 exd4 12. Qe2+ Kf8 13. Nxd4 cxd4 14.
c5 Kf7 15. Qc4+ Kg6 16. Bxd4 Qe8+ 17. Be3 Nxe3 18. fxe3 Qe5 19. Qd3+ f5 20.
O-O Bd8 21. Nd2 Bf6 22. Qb3 Re8 23. Nc4 Qe6 24. Rae1 b6 25. e4 fxe4 26.
Qg3+ Bg5 27. h4 h6 28. h5+ Kh7 29. cxb6 Qxc4 30. bxa7 Qd4+ 31. Kh1 Ba6 32.
Rf7 Rf8 33. Rxd7 Rxa7 34. Qg4 Rxd7 35. Qxd7 e3 36. g3 Rf1+ 37. Rxf1 Bxf1
38. Qf5+ Kh8 39. Qf8+ Kh7 40. Qf5+ g6 41. hxg6+ Kh8 42. Qf8# { Black
checkmated } 1-0

[Event "ICC tourney 2180 (40 10)"]
[Site "Internet Chess Club"]
[Date "2020.12.06"]
[Round "2"]
[White "kween26"]
[Black "anantybear1"]
[Result "1-0"]
[ICCResult "Black resigns"]
[WhiteElo "1383"]
[BlackElo "1045"]
[Opening "Sicilian: Alapin's variation (2.c3)"]
[ECO "B22"]
[NIC "SI.46"]
[Time "13:16:49"]
[PlyCount "87"]
[TimeControl "2400+10"]


1. e4 c5 2. c3 Nc6 3. d4 d6 4. Nf3 Nf6 5. Bd3 g6 6. O-O Bg7 7. Re1 O-O 8.
Bg5 Bg4 9. h3 Bxf3 10. Qxf3 cxd4 11. Bf4 Qb6 12. Qe2 Rac8 13. Na3 dxc3 14.
Nc4 Qc7 15. bxc3 Nh5 16. Bd2 b5 17. Ne3 Nf4 18. Qf1 Nxd3 19. Qxd3 a6 20.
Nd5 Qd8 21. Rac1 Ne5 22. Qe2 Nc4 23. Bg5 Re8 24. Qf3 Ne5 25. Qe2 h6 26. Be3
Nc4 27. Red1 Nxe3 28. Qxe3 Rb8 29. f4 e6 30. Nb4 Qb6 31. Qxb6 Rxb6 32. Rd3
a5 33. Nc2 Rc8 34. Ne3 e5 35. Nd5 Rb7 36. g3 b4 37. Rb1 exf4 38. gxf4 Bxc3
39. Nxc3 Re7 40. Nd5 Rxe4 41. Nf6+ Kg7 42. Nxe4 Re8 43. Nxd6 Re2 44. a4 {
Black resigns } 1-0

[Event "ICC tourney 2180 (40 10)"]
[Site "Internet Chess Club"]
[Date "2020.12.06"]
[Round "2"]
[White "tundrarules"]
[Black "Dhruti813kob36"]
[Result "1/2-1/2"]
[ICCResult "Game drawn by mutual agreement"]
[WhiteElo "1227"]
[BlackElo "1457"]
[Opening "Giuoco Pianissimo: Italian four knights variation"]
[ECO "C50"]
[NIC "IG.02"]
[Time "13:16:39"]
[PlyCount "47"]
[TimeControl "2400+10"]


1. e4 e5 2. Nf3 Nc6 3. Bc4 Bc5 4. Nc3 Nf6 5. d3 h6 6. Be3 Bb6 7. h3 d6 8.
O-O O-O 9. Re1 Na5 10. Bb3 Nxb3 11. axb3 Be6 12. d4 exd4 13. Nxd4 Qd7 14.
Nxe6 fxe6 15. Qd3 e5 16. Ra4 c6 17. Bxb6 axb6 18. Rxa8 Rxa8 19. Na4 Qc7 20.
Rd1 b5 21. Nc3 Rd8 22. Ra1 Qb6 23. Ne2 Rf8 24. Ng3 { Game drawn by mutual
agreement } 1/2-1/2

[Event "ICC tourney 2180 (40 10)"]
[Site "Internet Chess Club"]
[Date "2020.12.06"]
[Round "2"]
[White "niftyfountain"]
[Black "EricCheng-131"]
[Result "0-1"]
[ICCResult "White resigns"]
[WhiteElo "1368"]
[BlackElo "1228"]
[Opening "Scotch: Schmidt variation"]
[ECO "C45"]
[NIC "SO.04"]
[Time "13:17:09"]
[PlyCount "91"]
[TimeControl "2400+10"]


1. e4 e5 2. Nf3 Nc6 3. d4 exd4 4. Nxd4 Nf6 5. Nc3 Bc5 6. Nb3 Bb6 7. Qe2 O-O
8. Be3 Re8 9. f3 d5 10. O-O-O d4 11. Nb5 Bd7 12. N5xd4 Nxd4 13. Bxd4 Qe7
14. Qd2 Bxd4 15. Qxd4 Red8 16. Qe3 a5 17. Nc5 Bc6 18. Be2 b6 19. Nb3 Rxd1+
20. Rxd1 a4 21. Nd4 Bb7 22. a3 c5 23. Nf5 Qe5 24. g3 h6 25. Nd6 Bc6 26. Nc4
Qe7 27. Qc3 b5 28. Ne5 Be8 29. Nd3 Nd7 30. Kb1 Rb8 31. b4 axb3 32. cxb3 c4
33. Nb4 cxb3 34. Qxb3 Nc5 35. Qa2 Na4 36. Nd5 Qe5 37. Qb3 Bc6 38. Rd3 Bxd5
39. exd5 Qxe2 40. Rd4 Qe1+ 41. Rd1 Nc3+ 42. Kc1 Qxd1+ 43. Qxd1 Nxd1 44.
Kxd1 Rd8 45. Kc2 Rxd5 46. Kb3 { White resigns } 0-1

[Event "ICC tourney 2180 (40 10)"]
[Site "Internet Chess Club"]
[Date "2020.12.06"]
[Round "2"]
[White "FabulousRocket"]
[Black "cdj12417489"]
[Result "1-0"]
[ICCResult "Black forfeits on time"]
[WhiteElo "1106"]
[BlackElo "1268"]
[Opening "King's Indian: Sämisch variation"]
[ECO "E80"]
[NIC "KI.54"]
[Time "13:16:44"]
[PlyCount "73"]
[TimeControl "2400+10"]


1. d4 Nf6 2. c4 g6 3. Nc3 Bg7 4. e4 d6 5. f3 b6 6. Be3 c5 7. d5 Nbd7 8. Qd2
Ba6 9. O-O-O Qc7 10. Kb1 O-O-O 11. b3 Qb7 12. g3 Ne5 13. Bh3+ Kb8 14. f4
Ned7 15. Nf3 h5 16. Bg2 Ng4 17. Bg1 Nh6 18. Ng5 Rhf8 19. h3 b5 20. cxb5
Bxb5 21. e5 a5 22. e6 Bxc3 23. Qxc3 f6 24. Ne4 a4 25. Qb2 axb3 26. exd7
Rxd7 27. axb3 Qb6 28. Bf2 Rb7 29. Nd2 Kc7 30. Rhe1 Kd7 31. Re6 Ba4 32. Re3
Rfb8 33. Rde1 Ng8 34. Ka2 Qa6 35. Qa3 Qa5 36. Nc4 Bxb3+ 37. Rxb3 { Black
forfeits on time } 1-0

[Event "ICC tourney 2180 (40 10)"]
[Site "Internet Chess Club"]
[Date "2020.12.06"]
[Round "2"]
[White "andrewj508"]
[Black "lerui"]
[Result "0-1"]
[ICCResult "White resigns"]
[WhiteElo "1270"]
[BlackElo "1161"]
[Opening "Giuoco Piano: Greco's attack"]
[ECO "C54"]
[NIC "IG.02"]
[Time "13:16:34"]
[PlyCount "174"]
[TimeControl "2400+10"]


1. e4 e5 2. Nf3 Nc6 3. Bc4 Bc5 4. c3 Nf6 5. d4 exd4 6. cxd4 Bb4+ 7. Nc3 d6
8. O-O O-O 9. a3 Bxc3 10. bxc3 h6 11. Re1 Re8 12. Qc2 Bg4 13. Nd2 d5 14.
Bd3 dxe4 15. Nxe4 Nxe4 16. Rxe4 Rxe4 17. Bxe4 Qe7 18. Bf4 Re8 19. Bd3 Qd7
20. h3 Be6 21. Kh2 a6 22. Rb1 Rb8 23. Qe2 Bf5 24. Bg3 Bxd3 25. Qxd3 b5 26.
Re1 Rd8 27. Qf3 Kh7 28. Qf4 Rc8 29. Qe4+ Kg8 30. d5 Na5 31. Qb4 Nc4 32. Qc5
Nb6 33. Rd1 Na4 34. Qb4 Nb6 35. d6 cxd6 36. Rxd6 Qb7 37. Qd4 Nc4 38. Rd8+
Rxd8 39. Qxd8+ Kh7 40. Qd3+ Kg8 41. a4 Nb2 42. Qd8+ Kh7 43. a5 Nc4 44. Bc7
Qe4 45. Bb6 Ne5 46. Qc8 Nd3 47. Be3 Ne1 48. Qg4 Qe5+ 49. Qg3 Qxc3 50. Qd6
Nc2 51. Qxa6 Nxe3 52. fxe3 Qxe3 53. Qxb5 Qf4+ 54. Kg1 Qd4+ 55. Kf1 Qd1+ 56.
Kf2 Qd2+ 57. Qe2 Qxa5 58. Qe4+ f5 59. Qd3 Qe5 60. g4 Qf4+ 61. Ke2 Qh2+ 62.
Kd1 Qg1+ 63. Kc2 Qc5+ 64. Kd1 g6 65. Qd7+ Kg8 66. Qe8+ Kg7 67. Qd7+ Kf8 68.
Qd8+ Kf7 69. Qd7+ Qe7 70. Qd5+ Qe6 71. Qb7+ Kf6 72. Qb2+ Qe5 73. Qb6+ Kg5
74. Qd8+ Kf4 75. Qh4 Qd4+ 76. Kc2 g5 77. Qxh6 Qc4+ 78. Kd2 fxg4 79. Qd6+
Kf3 80. hxg4 Qf4+ 81. Qxf4+ Kxf4 82. Ke2 Kxg4 83. Kf1 Kh3 84. Kg1 g4 85.
Kh1 g3 86. Kg1 g2 87. Kf2 Kh2 { White resigns } 0-1

[Event "ICC tourney 2180 (40 10)"]
[Site "Internet Chess Club"]
[Date "2020.12.06"]
[Round "2"]
[White "jksaini76"]
[Black "bscaccia"]
[Result "1-0"]
[ICCResult "Black resigns"]
[WhiteElo "811"]
[BlackElo "1386"]
[Opening "KP: Indian opening"]
[ECO "C20"]
[NIC "KP.07"]
[Time "13:16:41"]
[PlyCount "139"]
[TimeControl "2400+10"]


1. e4 e5 2. d3 Nc6 3. Nf3 Nf6 4. Be2 Bc5 5. c3 d6 6. O-O O-O 7. Nbd2 Bg4 8.
h3 Be6 9. Ng5 Bd7 10. Nc4 h6 11. Nf3 Be6 12. Ne3 Nh5 13. Nf5 Nf4 14. Bxf4
exf4 15. d4 Bxf5 16. exf5 Bb6 17. a4 a5 18. Bb5 Ne7 19. Bd3 Nd5 20. Qb3 Nf6
21. Rae1 Qd7 22. d5 Nh5 23. Kh2 Nf6 24. Qc4 Bc5 25. Qxf4 Rfe8 26. Rxe8+
Rxe8 27. Bb5 c6 28. dxc6 bxc6 29. Bd3 Bb6 30. Kg1 d5 31. b3 Bc7 32. Qd4 Qd6
33. c4 c5 34. Qc3 d4 35. Qc2 Qf4 36. Qd1 Kf8 37. g3 Qd6 38. Kg2 Qc6 39. Re1
Rxe1 40. Qxe1 Bd6 41. Qd1 Ne4 42. Qc2 Ng5 43. Be2 Ne4 44. Kg1 Nc3 45. Qd3
Nxe2+ 46. Qxe2 Qb7 47. Qd3 f6 48. Nh4 Kf7 49. Nf3 Qd7 50. Qe4 Qc7 51. Qe6+
Kf8 52. Kg2 Qe7 53. Qd5 Be5 54. Nh4 Qf7 55. Qxc5+ Ke8 56. Qc8+ Ke7 57. Ng6+
Kd6 58. Qa6+ Kd7 59. Qb5+ Kc8 60. Qc5+ Bc7 61. Qxd4 Qe8 62. Qd5 Qe1 63. c5
Qb4 64. c6 Bd6 65. Qg8+ Kc7 66. Qxg7+ Kxc6 67. Qf7 Qe4+ 68. Kf1 Qxf5 69.
Qc4+ Bc5 70. Ne7+ { Black resigns } 1-0

[Event "ICC tourney 2180 (40 10)"]
[Site "Internet Chess Club"]
[Date "2020.12.06"]
[Round "2"]
[White "awesomehead5"]
[Black "Tomasleo"]
[Result "1-0"]
[ICCResult "Black resigns"]
[WhiteElo "938"]
[BlackElo "1416"]
[Opening "Four knights: Italian variation"]
[ECO "C55"]
[NIC "IG.01"]
[Time "13:16:36"]
[PlyCount "129"]
[TimeControl "2400+10"]


1. e4 e5 2. Nf3 Nc6 3. Bc4 Nf6 4. Nc3 Bb4 5. d3 O-O 6. Bd2 d6 7. h3 Bd7 8.
O-O Na5 9. Bd5 c6 10. Bc4 Nxc4 11. dxc4 Bxc3 12. Bxc3 Nxe4 13. Bb4 c5 14.
Ba3 Qc7 15. Re1 Nf6 16. b4 b6 17. bxc5 bxc5 18. Rb1 Be6 19. Qe2 Rab8 20.
Nd2 Qa5 21. Bc1 Rxb1 22. Nxb1 Qxa2 23. Bg5 Qxc4 24. Qd2 Ne4 25. Qc1 Nxg5
26. Qxg5 Qxc2 27. Qe7 Ba2 28. Na3 Qd2 29. Re4 a5 30. Nb5 Bd5 31. Rg4 Be6
32. Rg3 Qe1+ 33. Kh2 Qxf2 34. Nxd6 Qf4 35. Ne8 Bg4 36. hxg4 Qh6+ 37. Rh3
Qe6 38. Qh4 h6 39. Nc7 Qc6 40. g5 Qxc7 41. gxh6 e4+ 42. Kg1 Qe5 43. hxg7
Qa1+ 44. Kh2 Qe5+ 45. Kh1 Qa1+ 46. Kh2 Qe5+ 47. Rg3 Qxg7 48. Rxg7+ Kxg7 49.
Qg4+ Kf6 50. Qxe4 Rc8 51. g4 Kg7 52. Qe5+ f6 53. Qe7+ Kg6 54. Kh3 c4 55.
Qe4+ Kg5 56. Qf5+ Kh6 57. Qxc8 a4 58. Qxc4 a3 59. Qc1+ Kh7 60. Qxa3 f5 61.
Qe7+ Kh6 62. gxf5 Kh5 63. Qh7+ Kg5 64. Qg6+ Kf4 65. f6 { Black resigns }
1-0

[Event "ICC tourney 2180 (40 10)"]
[Site "Internet Chess Club"]
[Date "2020.12.06"]
[Round "2"]
[White "GalaxyToast"]
[Black "nguyencaptures"]
[Result "1-0"]
[ICCResult "Black checkmated"]
[WhiteElo "1387"]
[BlackElo "1124"]
[Opening "English: Carls' Bremen system"]
[ECO "A22"]
[NIC "EO.10"]
[Time "13:17:28"]
[PlyCount "135"]
[TimeControl "2400+10"]


1. c4 e5 2. Nc3 Nf6 3. g3 d6 4. Bg2 Be7 5. e3 O-O 6. Nge2 Qd7 7. Rb1 Nc6 8.
b4 a6 9. O-O Re8 10. a4 e4 11. Nf4 Ne5 12. Nxe4 Nxe4 13. Bxe4 Bg5 14. Qc2
h6 15. Nd5 Ng4 16. Bg2 Ne5 17. f4 Bxf4 18. exf4 Nc6 19. Bb2 b6 20. Qc3 f6
21. b5 axb5 22. cxb5 Na5 23. Nxc7 Bb7 24. Nxa8 Rxa8 25. Bxb7 Qxb7 26. Rbc1
Qd5 27. Rfe1 Nb3 28. Qc6 Qxc6 29. Rxc6 Nxd2 30. Ra1 Kf7 31. Rd1 Ne4 32.
Rxb6 Rxa4 33. Bd4 Ke6 34. Rb7 g5 35. fxg5 hxg5 36. b6 Rb4 37. Ra7 Nc5 38.
Bxc5 dxc5 39. b7 c4 40. Rd8 c3 41. b8=Q Rxb8 42. Rxb8 c2 43. Rc8 c1=Q+ 44.
Rxc1 Kf5 45. Kg2 Kg4 46. h3+ Kh5 47. Ra6 f5 48. g4+ fxg4 49. hxg4+ Kxg4 50.
Kf2 Kh4 51. Ra4+ Kh5 52. Ra5 Kg6 53. Rxg5+ Kxg5 54. Rc4 Kf5 55. Ke3 Ke5 56.
Rd4 Kf5 57. Re4 Kg5 58. Rf4 Kh5 59. Ke4 Kg5 60. Ke5 Kg6 61. Rf5 Kh6 62. Kf6
Kh7 63. Rg5 Kh6 64. Kf5 Kh7 65. Rg6 Kh8 66. Kf6 Kh7 67. Kf7 Kh8 68. Rh6# {
Black checkmated } 1-0

[Event "ICC tourney 2180 (40 10)"]
[Site "Internet Chess Club"]
[Date "2020.12.06"]
[Round "3"]
[White "JayAB"]
[Black "andrewj508"]
[Result "0-1"]
[ICCResult "White checkmated"]
[WhiteElo "666"]
[BlackElo "1270"]
[Opening "QGD Slav defense"]
[ECO "D10"]
[NIC "SL.01"]
[Time "15:32:16"]
[PlyCount "78"]
[TimeControl "2400+10"]


1. d4 d5 2. c4 c6 3. Nc3 Nf6 4. Bg5 e6 5. e3 h6 6. Bh4 Nbd7 7. Nf3 Bb4 8.
a3 Bxc3+ 9. bxc3 Qa5 10. Qb3 Ne4 11. Qb4 Qxb4 12. cxb4 O-O 13. Bd3 Nd6 14.
cxd5 exd5 15. O-O Nb6 16. Bc2 Re8 17. Rfe1 Nbc4 18. Bb3 Bg4 19. Ne5 Nxe5
20. dxe5 Rxe5 21. h3 Bh5 22. Rac1 Nf5 23. Bg3 Nxg3 24. fxg3 Rae8 25. Rc3 d4
26. Rd3 Rxe3 27. Rdxe3 Rxe3 28. Rd1 Bxd1 29. Bxd1 Rxa3 30. Kh2 Kf8 31. g4
Ke7 32. h4 Ke6 33. g3 Ke5 34. Kh3 Ke4 35. Bc2+ d3 36. Bd1 Ke3 37. h5 d2 38.
Kh4 Ra1 39. Bb3 Rh1# { White checkmated } 0-1

[Event "ICC tourney 2180 (40 10)"]
[Site "Internet Chess Club"]
[Date "2020.12.06"]
[Round "3"]
[White "Alex2009"]
[Black "brawnykazoo"]
[Result "0-1"]
[ICCResult "White resigns"]
[WhiteElo "856"]
[BlackElo "1132"]
[Opening "Four knights: Nimzovich (Paulsen) variation"]
[ECO "C49"]
[NIC "KP.03"]
[Time "15:32:21"]
[PlyCount "51"]
[TimeControl "2400+10"]


1. e4 e5 2. Nf3 Nc6 3. Nc3 Nf6 4. Bb5 Bb4 5. O-O O-O 6. Bxc6 dxc6 7. d3 Re8
8. a3 Bc5 9. Bg5 Bg4 10. h3 Bh5 11. Re1 h6 12. Bh4 Qd7 13. Bxf6 gxf6 14.
Rc1 Kh7 15. b4 Bd4 16. g4 Bxc3 17. Nd2 Bg6 18. Nf3 Bxe1 19. Qxe1 h5 20. Qf1
hxg4 21. Nh4 gxh3 22. Kh2 Rg8 23. Qg1 Bxe4 24. Qd1 Bg6 25. Nxg6 fxg6 26.
Qg1 { White resigns } 0-1

[Event "ICC tourney 2180 (40 10)"]
[Site "Internet Chess Club"]
[Date "2020.12.06"]
[Round "3"]
[White "MiahG"]
[Black "Andre2011"]
[Result "1-0"]
[ICCResult "Black checkmated"]
[WhiteElo "389"]
[BlackElo "788"]
[Opening "Ruy Lopez: Berlin defense, 4.O-O, d6"]
[ECO "C66"]
[NIC "RL.02"]
[Time "15:32:16"]
[PlyCount "105"]
[TimeControl "2400+10"]


1. e4 e5 2. Nf3 Nc6 3. Bb5 d6 4. O-O Nf6 5. Nc3 Be7 6. d4 O-O 7. dxe5 dxe5
8. Qxd8 Bxd8 9. Bxc6 Bd7 10. Bxd7 Nxd7 11. Rd1 Nc5 12. Rd5 b6 13. Nxe5 Bf6
14. Bd2 Bxe5 15. Rxe5 Rad8 16. Be3 Rd7 17. Bxc5 bxc5 18. Rxc5 Rfd8 19. Rc4
a5 20. a4 h6 21. f3 Rd2 22. Rc1 Rb8 23. Rxc7 Rxb2 24. Rc8+ Kh7 25. Ra8 Rb6
26. Rxa5 Rc6 27. Nb1 Rd4 28. Ra7 f6 29. Kf2 Rcd6 30. Nc3 Rc4 31. Nb5 Rd2+
32. Ke3 Rd8 33. Na3 Rc3+ 34. Ke2 Rxa3 35. c4 Ra2+ 36. Ke3 Ra3+ 37. Kf4 Kh8
38. c5 g5+ 39. Kf5 Rc8 40. c6 Kg8 41. c7 Kf8 42. Rb7 Rxa4 43. Rb8 Ra5+ 44.
Kxf6 Ra6+ 45. Ke5 Ra5+ 46. Kd6 Ra6+ 47. Kd7 Rxb8 48. cxb8=Q+ Kg7 49. Qe5+
Kg6 50. Rc6+ Rxc6 51. Kxc6 Kh5 52. g4+ Kh4 53. Qg3# { Black checkmated }
1-0

[Event "ICC tourney 2180 (40 10)"]
[Site "Internet Chess Club"]
[Date "2020.12.06"]
[Round "3"]
[White "solveur"]
[Black "jksaini76"]
[Result "1-0"]
[ICCResult "Black resigns"]
[WhiteElo "1319"]
[BlackElo "811"]
[Opening "Queen's gambit accepted"]
[ECO "D20"]
[NIC "QG.03"]
[Time "15:32:18"]
[PlyCount "99"]
[TimeControl "2400+10"]


1. d4 d5 2. c4 dxc4 3. Nc3 e6 4. e4 c6 5. Bxc4 Be7 6. Nf3 Nf6 7. Bd3 a6 8.
O-O O-O 9. Bg5 h6 10. Bh4 Nbd7 11. Bg3 Qb6 12. Qb3 Qd8 13. Qc2 c5 14. d5
exd5 15. exd5 Nb6 16. Rad1 Nbxd5 17. Nxd5 Nxd5 18. Be4 Be6 19. Bxd5 Bxd5
20. Rfe1 Qd7 21. Re5 Qb5 22. Rdxd5 Bf6 23. Rxc5 Qb4 24. a3 Qb6 25. Re3 Rad8
26. h3 Rde8 27. Rb3 Qe6 28. Rxb7 Rc8 29. Rxc8 Rxc8 30. Rb8 Rxb8 31. Bxb8
Qb6 32. Be5 Qe6 33. Bxf6 Qxf6 34. Qc3 Qe6 35. Qe5 Qc6 36. Qb8+ Kh7 37. Kh2
f6 38. b3 a5 39. Qa7 Qc3 40. Qb8 Qb2 41. a4 Qxf2 42. Qb5 Qc2 43. Ne1 Qd2
44. Qd3+ Qxd3 45. Nxd3 Kg6 46. b4 axb4 47. a5 Kf7 48. a6 Ke8 49. a7 Kd8 50.
a8=Q+ { Black resigns } 1-0

[Event "ICC tourney 2180 (40 10)"]
[Site "Internet Chess Club"]
[Date "2020.12.06"]
[Round "3"]
[White "NikiSDKChess"]
[Black "niftyfountain"]
[Result "0-1"]
[ICCResult "White checkmated"]
[WhiteElo "627"]
[BlackElo "1368"]
[Opening "Sicilian defense"]
[ECO "B20"]
[NIC "SI.48"]
[Time "15:32:19"]
[PlyCount "122"]
[TimeControl "2400+10"]


1. e4 c5 2. Bc4 d6 3. Nf3 Nf6 4. e5 dxe5 5. Nxe5 e6 6. O-O Bd6 7. Nd3 O-O
8. Ne1 Nc6 9. d3 Qc7 10. g3 b6 11. Bg5 Be5 12. Nf3 Bxb2 13. Bf4 Qe7 14.
Nbd2 Bxa1 15. Qxa1 h6 16. Ne4 Nxe4 17. dxe4 Bb7 18. Rd1 Rad8 19. Nd2 Na5
20. Bd3 Nc6 21. Nf3 Nb4 22. Nh4 Nxd3 23. cxd3 g5 24. Be3 Kh7 25. Nf3 f6 26.
h4 Ba6 27. Ne1 gxh4 28. gxh4 Qg7+ 29. Kf1 f5 30. exf5 Qxa1 31. Rxa1 Rxf5
32. Ng2 Rg8 33. Nf4 Re8 34. h5 Bb7 35. Ke2 e5 36. Ng6 Rxh5 37. Rg1 Rg8 38.
f4 Rxg6 39. Rf1 exf4 40. Rxf4 Rh2+ 41. Bf2 Re6+ 42. Kd2 Kg7 43. d4 cxd4 44.
Rxd4 Rxf2+ 45. Kc3 Re3+ 46. Kc4 Re4 47. Kd3 Rxd4+ 48. Kxd4 h5 49. Ke3 Rf8
50. Kd3 h4 51. a4 h3 52. Kc4 h2 53. Kb5 h1=R 54. Kb4 Rb1+ 55. Kc4 Rc8+ 56.
Kd3 Rd1+ 57. Ke3 Re8+ 58. Kf2 Rd6 59. Kg1 Rf6 60. Kh2 Rg6 61. Kh3 Rh8# {
White checkmated } 0-1

[Event "ICC tourney 2180 (40 10)"]
[Site "Internet Chess Club"]
[Date "2020.12.06"]
[Round "3"]
[White "SGOLD9367"]
[Black "awesomehead5"]
[Result "0-1"]
[ICCResult "White resigns"]
[WhiteElo "1338"]
[BlackElo "938"]
[Opening "Giuoco Piano: four knights variation"]
[ECO "C50"]
[NIC "IG.02"]
[Time "15:32:23"]
[PlyCount "72"]
[TimeControl "2400+10"]


1. e4 e5 2. Nf3 Nc6 3. Bc4 Bc5 4. Nc3 Nf6 5. a3 O-O 6. d3 h6 7. O-O d6 8.
h3 Be6 9. Nd5 Re8 10. b4 Bd4 11. Nxd4 Nxd4 12. c3 Nc6 13. f4 exf4 14. Rxf4
Bxd5 15. exd5 Ne5 16. Bb3 c6 17. dxc6 Qb6+ 18. d4 Ng6 19. cxb7 Qxb7 20. Rf5
Nh4 21. Qc2 Nxf5 22. Qxf5 Re1+ 23. Kh2 Re2 24. d5 Qb6 25. Bxh6 gxh6 26.
Qxf6 Qe3 27. Qxd6 Qxc3 28. Qg3+ Qxg3+ 29. Kxg3 Re3+ 30. Kh2 Rxb3 31. d6 Rd8
32. a4 Rxd6 33. b5 Rb6 34. Rc1 a6 35. Rc6 Rxc6 36. bxc6 Rc3 { White resigns
} 0-1